 Seeded DCSS version 0.31-a0-851-g7ff8af7976 (webtiles) character file.

Game seed: 15484592631660376689 (custom seed)

25045 Danienth the Protected (level 12, -3/175 HPs)
             Began as a Minotaur Fighter on Oct 6, 2023.
             Was an Elder of Ashenzari.
             Slain by a seven-headed hydra (8 damage)
             ... on level 2 of the Lair of Beasts.
             The game lasted 00:50:47 (12096 turns).

Danienth the Protected (Minotaur Fighter)          Turns: 12096, Time: 00:50:48

Health: -3/175     AC: 32    Str: 22    XL:     12   Next: 86%
Magic:  0/18       EV: 11    Int: 13    God:    Ashenzari [****..]
Gold:   487        SH:  9    Dex: 12    Spells: 17/21 levels left

rFire   + . .        e - +13 consecrated labrys {holy, Valiant Fragile Fly SInv, Fort, Self} (curse)
rCold   . . .        c - +2 buckler
rNeg    + . .        n - +18 Lear's hauberk {Fort, Range} (curse)
rPois   .            (helmet currently unavailable)
rElec   .            (no cloak)
rCorr   .            (gloves currently unavailable)
SInv    +            (boots currently unavailable)
Will    .....        A - amulet "Eternal With Me" {Spirit rN+, Fort, Cun} (curse) Stlth
                     H - ring "Wommymes" {+Blink rF+}
HPRegen 0.49/turn    w - +6 ring of intelligence
MPRegen 0.16/turn

%: clarity, guardian spirit
@: berserking, flying, very quick
A: horns 2, retaliatory headbutt, deterioration 1, noise suppression
a: Renounce Religion, Evoke Blink, Shatter the Chains


You were on level 2 of the Lair of Beasts.
You worshipped Ashenzari.
Ashenzari was greatly pleased with you.
You visited 2 branches of the dungeon, and saw 15 of its levels.

You collected 1220 gold pieces.
You spent 733 gold pieces at shops.

Inventory:

Hand Weapons
 a - a +0 war axe
 e - the cursed +13 consecrated labrys (weapon) {holy, Valiant Fragile Fly SInv, Fort, Self}
   (You acquired it on level 1 of the Dungeon)

   Valiant:   It becomes more powerful as more dangerous foes come into view.
   SInv:      It lets you see invisible.
   Fly:       It grants you flight.
   Fragile:   It will be destroyed if unequipped.
   It has a curse which improves the following skills: Fortitude: Armour and
   Shields.
   Introspection: Fighting and Spellcasting.
Missiles
 p - 32 poisoned darts
 y - 5 curare-tipped darts
Armour
 c - a +2 buckler (worn)
 n - the cursed +18 Lear's hauberk (worn) {Fort, Range}
   (You found it on level 9 of the Dungeon)

   It has a curse which improves the following skills: Fortitude: Armour and
   Shields.
   Ranged Combat: Ranged Weapons and Throwing.
Jewellery
 l - an amulet of magic regeneration
 m - a ring of see invisible
 w - a +6 ring of intelligence (right hand)
 A - the cursed amulet "Eternal With Me" (around neck) {Spirit rN+, Fort, Cun}
   (You bought it in a shop on level 5 of the Dungeon)

   [amulet of guardian spirit]

   Spirit:    It causes incoming damage to be divided between your reserves of
   health and magic.
   rN+:       It protects you from negative energy.
   It has a curse which improves the following skills: Fortitude: Armour and
   Shields.
   Cunning:   Dodging and Stealth.
 E - a ring of protection from cold
 F - a ring of resist corrosion
 H - the ring "Wommymes" (left hand) {+Blink rF+}
   (You found it on level 2 of the Lair of Beasts)

   [ring of protection from fire]

   rF+:       It protects you from fire.
   +Blink:    It lets you blink.
 N - a ring of flight
Wands
 J - a wand of polymorph (3)
 L - a wand of charming (1)
Scrolls
 f - a scroll of identify
 g - 2 scrolls of vulnerability
 h - 2 scrolls of revelation
 j - a scroll of fog
 r - 9 scrolls of teleportation
 u - 2 scrolls of amnesia
 v - 3 scrolls of immolation
 I - a scroll of torment
Potions
 d - a potion of attraction
 K - a potion of lignification
 M - a potion of resistance
 O - a potion of enlightenment
 P - a potion of cancellation


   Skills:
 * Level 12.4(14.1) Fighting
 - Level 14.5 Axes
 - Level 2.0(3.4) Ranged Weapons
 - Level 1.8(3.1) Throwing
 - Level 14.9(18.3) Armour
 - Level 4.0(5.7) Dodging
 + Level 8.1(11.7) Shields
 - Level 3.5(5.2) Spellcasting


You had 17 spell levels left.
You knew the following spells:

 Your Spells              Type           Power      Damage    Failure   Level
a - Poisonous Vapours     Pois/Air       6%         N/A       71%         2
b - Wereblood             Tmut           3%         N/A       71%         2

Your spell library contained the following spells:

 Spells                   Type           Power      Damage    Failure   Level
 Mephitic Cloud           Conj/Pois/Air  3%         N/A       91%         3
 Summon Ice Beast         Ice/Summ       3%         N/A       100%        4
 Freezing Cloud           Conj/Ice/Air   1%         6-21      100%        5
 Irradiate                Conj/Tmut      1%         3d12      100%        5
 Summon Mana Viper        Hex/Summ       3%         N/A       100%        5
 Monstrous Menagerie      Summ           1%         N/A       100%        7


Dungeon Overview and Level Annotations

Branches:
Dungeon (13/15)              Lair (2/5) D:10          Snake (0/4) Lair:2
    Orc (0/2) D:12
 Temple: D:4-7        Swamp: Lair:2-3    Shoals: Lair:2-3    Vaults: D:13-14

Altars:
Ashenzari
Cheibriados
Dithmenos
Fedhas
Gozag
Hepliaklqana
Kikubaaqudgha
Nemelex Xobeh
Okawaru
Ru
Sif Muna
Vehumet
Wu Jian
Xom
Zin

Shops:
D:5 [(!=   D:7 *

Annotations:
Lair:2 2 transporters


Innate Abilities, Weirdness & Mutations

You have a pair of horns on your head.
You reflexively headbutt those who attack you in melee.
Your body sometimes deteriorates upon taking damage.
You passively dampen the noise of your surroundings.


Message History

Your butterfly disappears in a burst of colours!
Aiming: Throw Flame
Press: ? - help, Q - select action, (/) - cycle Shift-Dir - straight line, f/p - seven-headed hydra
Aim: a seven-headed hydra (heavily wounded, 89% to hit)
The puff of flame misses the seven-headed hydra.
The now-empty wand crumbles to dust.
You feel less wooden.
The cursed +18 Lear's hauberk {Fort, Range} unmelds from your body.
Your butterfly is engulfed in poison gas.
Your butterfly is poisoned.
You kill your butterfly!
Your butterfly disappears in a burst of colours!
Your butterfly is engulfed in poison gas.
Your butterfly is poisoned.
You kill your butterfly!
Your butterfly disappears in a burst of colours!
Your butterfly is engulfed in poison gas.
Your butterfly is poisoned.
You kill your butterfly!
Your butterfly disappears in a burst of colours!
Your butterfly is engulfed in poison gas.
Your butterfly is poisoned.
You kill your butterfly!
Your butterfly disappears in a burst of colours!
A red film seems to cover your vision as you go berserk!
You feel yourself moving faster!
You feel mighty!
Your butterfly is poisoned.
Your butterfly is engulfed in poison gas.
Your butterfly is poisoned.
You kill your butterfly!
Your butterfly disappears in a burst of colours!
The seven-headed hydra bites you.
* * * LOW HITPOINT WARNING * * *
The seven-headed hydra bites you but does no damage.
You block the seven-headed hydra's attack.
The seven-headed hydra bites you but does no damage.
The seven-headed hydra bites you!
* * * LOW HITPOINT WARNING * * *
The seven-headed hydra bites you!
You die...

.>.#...........................,
...#...#................,,,,,,,,
......##................,
....###................., #####
#..(..##....b.....* .
,**####...###bbb......,
..,,,#..........§bbbb^..,
.),,...........b.bbb.b..,
..,,.....(.....D@?......,
..,,.....○○..§..b..bb..., .
,,.....☼.○☼☼b☼bbb..b.#,
,,......°☼☼§..b.....##,
,........☼.☼....b....,
,,....☼○○○☼☼§......#., .
,,.#..☼##§☼☼........, .
*,#.##*#○...##.(..., # ****
**,,***,,,,,,


You could see a seven-headed hydra.

Vanquished Creatures
  A hydra (Lair:2)
  2 two-headed ogres
  2 boulder beetles
  A skyshark (Lair:2)
  The ghost of lunkers the Martial Artist, a novice MeSh (D:6)
  The ghost of bahustanut the Skirmisher, a novice FoHu (D:5)
  2 orc knights (D:11)
  2 ugly things
  5 cane toads
  2 komodo dragons (D:10)
  3 trolls
  Grinder (D:6)
  A hornet (D:8)
  7 blink frogs (Lair:2)
  Prince Ribbit (D:6)
  14 slime creatures
  3 shadows
  3 wraiths
  A wyvern (D:10)
  27 yaks
  2 basilisks
  A steam dragon (Lair:2)
  Menkaure (D:5)
  3 vampire mosquitoes (D:10)
  4 nagas (Lair:2)
  An acid dragon (D:11)
  4 water moccasins
  3 ice beasts
  3 orc warriors
  A sky beast (D:6)
  A black bear (D:6)
  6 wolves (Lair:2)
  2 ogres (D:6)
  3 centaurs
  A kobold brigand (D:8)
  5 bullfrogs
  3 gnoll sergeants
  5 scorpions
  13 wights
  11 killer bees
  3 howler monkeys (D:9)
  5 jellies
  7 hounds
  4 orc priests
  2 gnoll boudas
  Ijyb (D:5)
  Natasha (thrice) (D:4)
  2 iguanas
  6 orc wizards
  24 gnolls
  10 adders
  3 shadow imps
  2 white imps
  A worm (D:3)
  3 dart slugs
  40 orcs
  5 ball pythons
  5 bats
  13 endoplasms
  2 giant cockroaches
  9 goblins
  4 hobgoblins
  10 kobolds
  3 quokkas (D:1)
  6 frilled lizards
  5 rats
331 creatures vanquished.

Vanquished Creatures (collateral kills)
  An orc warrior (D:11)
  3 orcs (D:11)
4 creatures vanquished.

Vanquished Creatures (others)
  A blink frog (Lair:2)
  An orc priest (D:11)
  2 orc wizards (D:11)
4 creatures vanquished.

Grand Total: 339 creatures vanquished

Notes
Turn   | Place    | Note
-------+----------+-------------------------------------------
     0 | D:1      | Danienth the Minotaur Fighter began the quest for the Orb.
     0 | D:1      | Reached XP level 1. HP: 19/19 MP: 0/0
    63 | D:1      | Identified 3 scrolls of acquirement
    63 | D:1      | Acquired the +4 consecrated labrys {holy, Valiant Fragile
                  | Fly SInv}
    63 | D:1      | Found the +4 consecrated labrys {holy, Valiant Fragile Fly
                  | SInv}
    67 | D:1      | Acquired 453 gold pieces
    69 | D:1      | Acquired the +1 pair of boots of Idegor {rPois rC+ Dex+4}
    91 | D:1      | Reached XP level 2. HP: 27/27 MP: 1/1
   482 | D:1      | Reached XP level 3. HP: 33/33 MP: 2/2
   744 | D:2      | Found a faded altar of an unknown god.
   936 | D:2      | Reached XP level 4. HP: 40/41 MP: 3/3
  1556 | D:3      | Reached skill level 5 in Axes
  1623 | D:3      | Identified the +3 leather armour of the Sailor {rC+ Will+}
  1714 | D:3      | Reached XP level 5. HP: 47/47 MP: 4/4
  2098 | D:4      | Learned a level 2 spell: Poisonous Vapours
  2107 | D:4      | Reached skill level 5 in Fighting
  2156 | D:4      | Reached XP level 6. HP: 49/56 MP: 5/5
  2423 | D:4      | Noticed Natasha
  2428 | D:4      | Killed Natasha
  2591 | D:4      | Noticed Natasha
  2596 | D:4      | Killed Natasha
  2612 | D:4      | Noticed Natasha
  2618 | D:4      | Killed Natasha
  2777 | D:5      | Entered Level 5 of the Dungeon
  2777 | D:5      | Noticed a yak
  2777 | D:5      | Noticed a yak
  2777 | D:5      | Noticed a yak
  2777 | D:5      | Noticed a yak
  2817 | D:4      | Killed a yak
  2818 | D:4      | Reached XP level 7. HP: 64/64 MP: 6/6
  2853 | D:4      | Killed a yak
  2857 | D:5      | Killed a yak
  2859 | D:5      | Killed a yak
  2860 | D:5      | Reached XP level 8. HP: 44/73 MP: 7/7
  3059 | D:5      | Noticed Ijyb
  3069 | D:5      | Killed Ijyb
  3124 | D:5      | Found Botenutz's Weapon Shoppe.
  3125 | D:5      | Found Abbesy's Armour Shoppe.
  3131 | D:5      | Found Setreimm's Distillery.
  3135 | D:5      | Found Ogidy's Jewellery Shoppe.
  3145 | D:5      | Bought a potion of curing for 45 gold pieces
  3149 | D:5      | Bought the amulet "Maimalu" {Spirit rN+} for 576 gold
                  | pieces
  3180 | D:5      | Found a transporter.
  3220 | D:5      | Found a transporter.
  3242 | D:5      | Noticed bahustanut's ghost (novice FoHu)
  3257 | D:5      | Found a transporter.
  3262 | D:5      | Found a transporter.
  3276 | D:5      | Noticed Menkaure
  3281 | D:5      | Killed Menkaure
  3282 | D:5      | Reached skill level 10 in Axes
  3282 | D:5      | Reached skill level 1 in Spellcasting
  3481 | D:5      | Found a blossoming altar of Fedhas.
  3630 | D:5      | Found an ancient bone altar of Kikubaaqudgha.
  3845 | D:5      | Killed bahustanut's ghost
  3846 | D:5      | Reached XP level 9. HP: 63/82 MP: 7/11
  3931 | D:6      | Noticed Prince Ribbit
  3935 | D:6      | Killed Prince Ribbit
  4468 | D:6      | Found an opulent altar of Gozag.
  4566 | D:6      | Found a radiant altar of Vehumet.
  4590 | D:6      | Noticed Grinder
  4592 | D:6      | Paralysed by Grinder for 5 turns
  4607 | D:6      | Killed Grinder
  4676 | D:6      | Identified the +0 chain mail of the Planets {Int+3}
  4685 | D:6      | Found a snail-covered altar of Cheibriados.
  4846 | D:6      | Found a large runed translucent door.
  4846 | D:6      | Found a large runed translucent door.
  4850 | D:6      | Noticed lunkers's ghost (novice MeSh)
  4946 | D:6      | Killed lunkers's ghost
  4947 | D:6      | Reached skill level 10 in Fighting
  4947 | D:6      | Reached XP level 10. HP: 93/93 MP: 14/14
  5039 | D:7      | Found Gefui's Assorted Antiques.
  5044 | D:7      | Bought a wand of flame (1) for 16 gold pieces
  5044 | D:7      | Bought a scroll labelled KUCULI VADESOWN for 24 gold pieces
  5044 | D:7      | Bought a scroll labelled RAESIF XUSHRODD for 24 gold pieces
  5044 | D:7      | Bought a scroll labelled DEATSE PAINK for 24 gold pieces
  5044 | D:7      | Bought a scroll labelled CETROF CADIOX for 24 gold pieces
  5195 | D:7      | Found a shimmering altar of Xom.
  5210 | D:7      | Found a shimmering altar of Xom.
  5210 | D:7      | Found a shimmering altar of Xom.
  5210 | D:7      | Found a shimmering altar of Xom.
  5339 | D:7      | Reached skill level 1 in Dodging
  5656 | D:7      | You are sucked into a shaft and drop 2 floors!
  5826 | D:9      | Found the +18 Lear's hauberk
  5911 | D:9      | Reached skill level 5 in Shields
  5912 | D:9      | Reached skill level 5 in Armour
  6019 | D:8      | Found a shadowy altar of Dithmenos.
  6089 | D:8      | Found a glowing silver altar of Zin.
  6172 | D:8      | Noticed a two-headed ogre
  6177 | D:8      | Killed a two-headed ogre
  6211 | D:8      | Found a sparkling altar of Nemelex Xobeh.
  6546 | D:8      | Found a shimmering blue altar of Sif Muna.
  7018 | D:9      | Learned a level 2 spell: Wereblood
  7036 | D:9      | Reached XP level 11. HP: 99/99 MP: 15/15
  7464 | D:10     | Entered Level 10 of the Dungeon
  7787 | D:10     | Found a sacrificial altar of Ru.
  7887 | D:10     | Found a hazy altar of Hepliaklqana.
  7965 | D:10     | Reached skill level 10 in Armour
  7970 | D:10     | Found a staircase to the Lair.
  8158 | D:10     | Found an iron altar of Okawaru.
  8158 | D:10     | Found a broken altar of Ashenzari.
  8174 | D:10     | Became a worshipper of Ashenzari the Shackled
  8222 | D:10     | Found an ornate altar of the Wu Jian Council.
  8407 | D:11     | Noticed a boulder beetle
  8414 | D:11     | Killed a boulder beetle
  8729 | D:11     | Noticed a two-headed ogre
  8743 | D:11     | Killed a two-headed ogre
  9290 | D:11     | Found a runed translucent door.
  9519 | D:11     | Noticed an orc knight
  9529 | D:11     | Noticed an orc knight
  9562 | D:11     | Killed an orc knight
  9802 | D:11     | Killed an orc knight
  9803 | D:11     | Reached XP level 12. HP: 103/106 MP: 14/16
 10115 | D:12     | Noticed a boulder beetle
 10136 | D:12     | Killed a boulder beetle
 10458 | D:12     | Found a staircase to the Orcish Mines.
 10690 | Lair:1   | Entered Level 1 of the Lair of Beasts
 10826 | Lair:1   | Reached * piety under Ashenzari
 10826 | Lair:1   | Reached ** piety under Ashenzari
 11036 | Lair:1   | You are sucked into a shaft and drop 1 floor!
 11042 | Lair:2   | Found a transporter.
 11048 | Lair:2   | Found a transporter.
 11063 | Lair:2   | Reached *** piety under Ashenzari
 11082 | Lair:2   | Reached skill level 1 in Ranged Weapons
 11087 | Lair:2   | Reached skill level 1 in Throwing
 11310 | Lair:2   | Found a staircase to the Snake Pit.
 11329 | Lair:2   | Noticed a four-headed hydra
 11510 | Lair:2   | Identified the ring "Wommymes" {+Blink rF+}
 11521 | Lair:2   | Reached **** piety under Ashenzari
 11534 | Lair:2   | Noticed a five-headed hydra
 11553 | Lair:2   | Killed a five-headed hydra
 12078 | Lair:2   | Gained mutation: You passively dampen the noise of your
                  | surroundings. [potion of mutation]
 12078 | Lair:2   | Gained mutation: Your body sometimes deteriorates upon
                  | taking damage. [potion of mutation]
 12096 | Lair:2   | HP: 5/175 [seven-headed hydra (5)]
 12096 | Lair:2   | Slain by a seven-headed hydra

Illustrated notes

Levels and vault maps discovered:
D:1:      dpeg_arrival_pits, layout_loops_ring, minmay_misc_feat_iff,
          minivault_14
D:2:      layout_basic, hellmonk_ecumenical_altar_heavens_door, st_stairs_6,
          kennysheep_small_spiral, minmay_small_reverse_x
D:3:      layout_basic, serial_glass, glass_columns_b, glass_columns_b,
          glass_columns_c, glass_columns_b, glass_columns_c, glass_columns_b,
          chequers_serial_rivers_small_b, minmay_misc_feat_cross,
          grunt_ministairs_9, minmay_misc_feat_tower, minivault_24,
          minmay_misc_feat_columns, minmay_liquid_box, minmay_fountain_box
D:4:      layout_basic, uniq_natasha
D:5:      gammafunk_wand_slinger, layout_rooms,
          mainiacjoe_overflow_six_doors_small, mainiacjoe_overflow_chevrons,
          gammafunk_ghost_hive, minmay_shop_grid_forest, uniq_menkaure,
          uniq_ijyb
D:6:      layout_layer_cave, kennysheep_mini_moat, marbit_many_paths,
          old_standard_altar, ebering_ghost_disaster_area, uniq_grinder,
          uniq_prince_ribbit1
D:7:      layout_basic, xom_redecorated, temple_hall, serial_shops,
          nicolae_shop_rolling_square
D:8:      layout_basic, kennysheep_mini, zin_treasury,
          nicolae_dithmenos_shadow_blocks, nicolae_overflow_hidden_temple
D:9:      layout_gridville
D:10:     layout_rooms, nicolae_wu_jian_wuxing_cycle,
          worldfamousw_hep_ancestral_shrine, nicolae_ru_awakened_eye,
          mainiacjoe_overflow_divided_tiny, due_lair_maze_entry_diamond
D:11:     layout_basic, serial_corexii_hall, corexii_hall_statues_l,
          chequers_hall_statues_wall_a, lightli_church_of_beogh
D:12:     layout_cave_pools, david_orc_2, serial_shops,
          nicolae_shop_tiny_waterfront, nicolae_shop_unique_rings, dk_vineyard_3
D:13:     layout_cave_pods, grunt_vaults_entry_fortified, serial_park,
          serial_park_tiny_2, serial_park_tiny_pond, serial_park_square3
          [serial_park_minivault_5x5_4], serial_park_gazebo
          [serial_park_minivault_5x5_2], minmay_fire_ice_demons
Lair:1:   layout_regular_city, uniq_fannar
Lair:2:   layout_hall_layers, minmay_snake_entry_guardpost_medium,
          gammafunk_ghost_berserking_beasts

Skill      XL: |  1  2  3  4  5  6  7  8  9 10 11 12 |
---------------+-------------------------------------+-----
Fighting       | 4 5 6 7 8 10 12 | 12.4
Axes           | 3 4 5 6 7 9 11 13 14 | 14.5
Spellcasting   | 2 3 |  3.5
Shields        | 6 8 |  8.1
Armour         | 6 13 14 | 14.9
Dodging        | 4 |  4.0
Ranged Weapons | 2 |  2.0
Throwing       | 1 |  1.8

Action                     |  1- 3 |  4- 6 |  7- 9 | 10-12 || total
---------------------------+-------+-------+-------+-------++-------
  Melee: War axe           |     5 |       |       |       ||     5
         Labrys            |    63 |    65 |   111 |   434 ||   673
         Headbutt          |     9 |     9 |    14 |    94 ||   126
  Throw: Javelin           |       |       |       |     9 ||     9
         Dart              |       |       |       |     8 ||     8
 Invoke: Curse Item        |       |       |       |     3 ||     3
Ability: Evoke Blink       |       |       |       |     1 ||     1
  Evoke: Wand              |       |       |       |    50 ||    50
    Use: Scroll            |     3 |       |       |    22 ||    25
         Potion            |       |       |     1 |    19 ||    20
   Stab: Sleeping          |       |       |     1 |       ||     1
 Armour: Scale mail        |    32 |     6 |       |       ||    38
         Leather armour    |       |    30 |    80 |    41 ||   151
         Skin              |       |     1 |       |   135 ||   136
         Chain mail        |       |       |       |   395 ||   395
  Dodge: Dodged            |    27 |    21 |    50 |   195 ||   293
  Block: Buckler           |    16 |    14 |    19 |   133 ||   182

Table legend: (Time is in decaauts)
 A = Elapsed time spent in this place.
 B = Non-inter-level travel time spent in this place.
 C = Inter-level travel time spent in this place.
 D = Time resting spent in this place.
 E = Time spent auto-exploring this place.
 F = Levels seen in this place.
 G = Mean time per level.
                   A        B        C        D        E       F      G
               +--------+--------+--------+--------+--------+-----+--------+
         Total |  12128 |  11644 |    484 |   1795 |   8088 |  15 |  808.5 |
       Dungeon |  10732 |  10255 |    477 |   1059 |   7745 |  13 |  825.5 |
          Lair |   1396 |   1389 |      7 |    736 |    343 |   2 |  698.0 |
               +--------+--------+--------+--------+--------+-----+--------+

Top non-repeatable levels by time:
    D:11: 1605 daAuts
     D:6: 1098 daAuts
     D:5: 1092 daAuts
  Lair:2: 1050 daAuts
     D:9: 918 daAuts
     D:8: 884 daAuts
    D:10: 851 daAuts
     D:4: 796 daAuts
     D:2: 769 daAuts
     D:1: 748 daAuts
     D:7: 627 daAuts
    D:12: 606 daAuts
     D:3: 588 daAuts
  Lair:1: 345 daAuts
    D:13: 146 daAuts
